 Dungeon Crawl Stone Soup version 0.26-a0-50-gc4d14cd842 (webtiles) character file.

Game seed: 497591362911018969

2874 MisterFreud the Carver (level 9, -2/58 HPs)
             Began as an Octopode Gladiator on June 4, 2020.
             Was a Believer of Cheibriados.
             Slain by a red ugly thing (3 damage)
             ... on level 7 of the Dungeon.
             The game lasted 00:12:26 (8193 turns).

MisterFreud the Carver (Octopode Gladiator)         Turns: 8193, Time: 00:12:27

Health: -2/58      AC:  2    Str: 25    XL:     9   Next: 76%
Magic:  12/12      EV: 19    Int: 18    God:    Cheibriados [**....]
Gold:   472        SH:  0    Dex: 18    Spells: 8/8 levels left

rFire    . . .     SeeInvis +   I - +4 long sword (drain)
rCold    . . .     Gourm    .   (no shield)
rNeg     + + .     Faith    .   b - +1 hat
rPois    +         Spirit   .   (no amulet)
rElec    .         Reflect  .   j - +6 ring of strength
rCorr    .         Harm     .   l - ring of flight
MR       .....                  y - ring of positive energy
Stlth    +++.......             B - ring of see invisible
HPRegen  0.19/turn              u - ring of poison resistance
MPRegen  0.13/turn              D - ring of positive energy
                                (no ring)
                                (no ring)

@: very slow
A: almost no armour, stealthy swim, amphibious, 8 rings, constrict 8, camouflage
1, gelatinous body 1
a: Bend Time, Renounce Religion, Evoke Flight


You were on level 7 of the Dungeon.
You worshipped Cheibriados.
Cheibriados was pleased with you.
You were hungry.

You visited 2 branches of the dungeon, and saw 8 of its levels.

You collected 472 gold pieces.

Inventory:

Hand Weapons
 a - a +0 long sword
 I - a +4 long sword of draining (weapon)
 J - the cursed +3 hunting sling "Worm" {venom, Str+4 SInv}
   (You took it off an orc warrior on level 7 of the Dungeon)

   It poisons the ammo it fires.
   It affects your strength (+4).
   It lets you see invisible.
   It has a curse placed upon it.
Missiles
 c - 4 throwing nets
 e - 22 poisoned darts
 i - 7 boomerangs (quivered)
 t - 5 javelins
 C - 7 curare-tipped darts
Armour
 b - a +1 hat (worn)
Jewellery
 j - a +6 ring of strength (left tentacle)
 l - a ring of flight (right tentacle)
 u - a ring of poison resistance (on tentacle)
 y - a ring of positive energy (on tentacle)
 B - a ring of see invisible (on tentacle)
 D - a ring of positive energy (on tentacle)
 H - an uncursed ring of ice {unknown}
 K - an uncursed ring of ice {unknown}
Wands
 z - a wand of iceblast (4)
Scrolls
 g - a scroll of random uselessness {unknown}
 h - 3 scrolls of remove curse
 n - a scroll of magic mapping {unknown}
 o - 3 scrolls of blinking
 q - 2 scrolls of enchant armour
 s - a scroll of immolation {unknown}
 v - 3 scrolls of fear
 E - a scroll of amnesia {unknown}
Potions
 k - 2 potions of heal wounds
 m - a potion of stabbing
 p - a potion of berserk rage
 r - 2 potions of curing
 w - 2 potions of might
 x - a potion of cancellation
 A - a potion of lignification
 F - a potion of haste {unknown}
Miscellaneous
 L - a phial of floods
Comestibles
 d - 12 rations


   Skills:
 - Level 4.0 Fighting
 - Level 10.0 Long Blades
 - Level 2.0 Throwing
 - Level 8.0 Dodging
 + Level 4.2 Invocations


You had 8 spell levels left.
You didn't know any spells.
Your spell library contained the following spells:

 Spells                   Type           Power        Failure   Level  Hunger
 Corona                   Hex            #......      22%         1    ##.....
 Shock                    Conj/Air       #...         22%         1    ##.....
 Sting                    Tmut/Pois      #...         22%         1    ##.....
 Poisonous Vapours        Pois/Air       #.....       32%         2    ###....
 Slow                     Hex            #.......     32%         2    ###....
 Swiftness                Chrm/Air       #.......     32%         2    ###....
 Ignite Poison            Fire/Tmut/Pois #.......     54%         3    ####...
 Inner Flame              Hex/Fire       #.......     54%         3    ####...
 Mephitic Cloud           Conj/Pois/Air  #.......     54%         3    ####...
 Portal Projectile        Hex/Tloc       #.....       54%         3    ####...
 Airstrike                Air            #.........   91%         4    #####..
 Cause Fear               Hex            #.........   91%         4    #####..
 Leda's Liquefaction      Hex/Erth       #.........   91%         4    #####..
 Olgreb's Toxic Radiance  Pois           #.......     91%         4    #####..
 Conjure Ball Lightning   Conj/Air       #.........   100%        6    #######
 Eringya's Noxious Bog    Tmut/Pois      #.........   100%        6    #######


Dungeon Overview and Level Annotations

Branches:
Dungeon (7/15)             Temple (1/1) D:5

Altars:
Ashenzari
Cheibriados
Dithmenos
Elyvilon
Gozag
Hepliaklqana
Makhleb
Nemelex Xobeh
Qazlal
Ru
Sif Muna
Trog
Uskayaw
Vehumet
Wu Jian
Xom
Yredelemnul
Zin
The Shining One


Innate Abilities, Weirdness & Mutations

You cannot wear most types of armour.
You are very stealthy in the water. (Stealth+)
You are amphibious.
You can wear up to eight rings at the same time.
You can use your tentacles to constrict eight enemies at once.
Your skin changes colour to match your surroundings (Stealth+).
Your rubbery body absorbs attacks. (AC +1, EV +1)


Message History

You squeeze the red ugly thing!
The red ugly thing is moderately wounded.
You constrict the red ugly thing. You completely miss the red ugly thing.
You squeeze the red ugly thing, but do no damage.
The red ugly thing is moderately wounded.
You constrict the red ugly thing. The red ugly thing engulfs you.
You are engulfed in flames!
You hit the red ugly thing. Your squeeze misses the red ugly thing.
The red ugly thing is heavily wounded.
You constrict the red ugly thing. The red ugly thing engulfs you!
You are engulfed in flames!!
* * * LOW HITPOINT WARNING * * *
You are too injured to fight recklessly!
You are feeling hungry.
You slash the red ugly thing! You drain the red ugly thing.
You squeeze the red ugly thing.
The red ugly thing is almost dead.
You constrict the red ugly thing. The red ugly thing engulfs you.
You die...

#)###
###.......#######.......##
....# ##.........).....####..#
#.#.####........##....####.#..#
#.#....#....>.......### ##u#..#
#.####...#.###....#######..#..#
....)#....>#...#######)).###..#
.......#.....###.......#.# #..#
......##...###Yu######..)# #..#
.....#...###...#@### ####..#..#
.......###...#.##..### #.#..#
.....###...#.#. ###..### .#..#
.....#...#Y# #. #..##..### #..#
.....###...# #. ###..##..###..#
.....#####...#. #).##..##..#..#
.....#.# ###...####))##..###..#
#.#..#.#######..#..##..###....#
#.#..#.##...## ####..###......#


You could see a red ugly thing (drained) and a yak (drained).

Vanquished Creatures
  An unseen horror (D:7)
  A hippogriff (D:7)
  A black bear (D:7)
  2 orc warriors (D:7)
  A sky beast (D:6)
  An ice beast (D:7)
  4 ogres
  2 phantoms (D:5)
  A centaur (D:4)
  2 big kobolds
  A bullfrog (D:6)
  A killer bee (D:7)
  A howler monkey (D:7)
  A centaur zombie (D:7)
  3 crimson imps
  3 hounds
  A jelly (D:7)
  2 orc priests
  3 orc wizards
  An iguana (D:6)
  3 worker ants
  12 adders
  2 gnolls (D:1)
  A howler monkey skeleton (D:7)
  A shadow imp (D:4)
  2 oozes
  2 adder skeletons
  An adder zombie (D:7)
  A worm (D:2)
  6 leopard geckos
  29 orcs
  5 giant cockroaches
  15 goblins
  9 hobgoblins
  13 jackals
  16 kobolds
  A quokka (D:4)
  3 ball pythons
  9 bats
  7 frilled lizards
  A goblin skeleton (D:6)
  A goblin zombie (D:6)
  A hobgoblin zombie (D:6)
  3 kobold skeletons (D:6)
  A leopard gecko skeleton (D:4)
  An orc zombie (D:6)
  13 rats
192 creatures vanquished.

Vanquished Creatures (others)
  A plant (D:5)
1 creature vanquished.

Grand Total: 193 creatures vanquished

Notes
Turn   | Place    | Note
-------+----------+-------------------------------------------
     0 | D:1      | MisterFreud the Octopode Gladiator began the quest for the
                  | Orb.
     0 | D:1      | Reached XP level 1. HP: 14/14 MP: 1/1
    39 | D:1      | Reached XP level 2. HP: 15/20 MP: 2/2
   310 | D:1      | Reached XP level 3. HP: 17/26 MP: 3/3
  1098 | D:2      | Found a burning altar of Makhleb.
  1098 | D:2      | Noticed a green death
  1102 | D:2      | Noticed an orange demon
  1102 | D:2      | Noticed a hellwing
  1171 | D:2      | Reached XP level 4. HP: 29/33 MP: 4/4
  1812 | D:2      | Reached skill level 4 in Long Blades
  1839 | D:2      | Reached XP level 5. HP: 33/37 MP: 5/5
  2472 | D:3      | Reached skill level 5 in Long Blades
  2816 | D:3      | Reached XP level 6. HP: 12/43 MP: 6/6
  3287 | D:3      | Found a basalt altar of Yredelemnul.
  3759 | D:4      | Noticed a phantom
  3764 | D:5      | Entered Level 5 of the Dungeon
  4057 | D:4      | Reached skill level 6 in Long Blades
  4828 | D:5      | Killed a phantom
  4828 | D:5      | Reached XP level 7. HP: 31/48 MP: 7/7
  5005 | D:5      | Reached skill level 5 in Dodging
  5064 | D:5      | Found a hazy altar of Hepliaklqana.
  5101 | D:5      | Found a shimmering blue altar of Sif Muna.
  5103 | D:5      | Found a staircase to the Ecumenical Temple.
  5103 | D:5      | Found a white marble altar of Elyvilon.
  5120 | Temple   | Entered the Ecumenical Temple
  5325 | Temple   | Became a worshipper of Cheibriados the Contemplative
  5515 | D:5      | Found an opulent altar of Gozag.
  5822 | D:5      | Reached XP level 8. HP: 31/54 MP: 8/8
  6747 | D:6      | Found a shadowy altar of Dithmenos.
  6850 | D:6      | Found a glowing golden altar of the Shining One.
  6859 | D:6      | Reached * piety under Cheibriados
  7081 | D:7      | Reached skill level 7 in Long Blades
  7225 | D:7      | Noticed a hippogriff
  7231 | D:7      | Killed a hippogriff
  7231 | D:7      | Reached skill level 8 in Long Blades
  7231 | D:7      | Reached XP level 9. HP: 47/58 MP: 9/9
  7340 | D:7      | Found a runed translucent door.
  7431 | D:7      | Found a runed translucent door.
  7431 | D:7      | Noticed an unseen horror
  7558 | D:7      | Found a shimmering altar of Xom.
  7582 | D:7      | Found a sparkling altar of Nemelex Xobeh.
  7582 | D:7      | Found an ancient bone altar of Kikubaaqudgha.
  7584 | D:7      | Found a glowing golden altar of the Shining One.
  7584 | D:7      | Found a bloodstained altar of Trog.
  7584 | D:7      | Found a basalt altar of Yredelemnul.
  7734 | D:7      | Reached skill level 9 in Long Blades
  7737 | D:7      | Killed an unseen horror
  7737 | D:7      | Reached skill level 10 in Long Blades
  7737 | D:7      | Reached skill level 1 in Invocations
  7737 | D:7      | Reached ** piety under Cheibriados
  7870 | D:7      | Noticed a red ugly thing
  7926 | D:7      | Identified the cursed +3 hunting sling "Worm" {venom, Str+4
                  | SInv}
  7937 | D:7      | Identified the Grimoire of Gliding Poison
  8192 | D:7      | HP: 1/58 [red ugly thing (18)]
  8193 | D:7      | Slain by a red ugly thing

Illustrated notes

Levels and vault maps discovered:
D:1:      onia_arrival_handbag, layout_loops_ring,
          chequers_serial_rivers_micro_b, minmay_splitting_lines
D:2:      layout_loops_corners, makhleb_altar_promises_db
D:3:      cheibrodos_pilgrimage, layout_loops_corners, yredelemnul_altar_generic
D:4:      layout_cave_pods, first_ration
D:5:      layout_cave_pods, lemuel_crystal_altar,
          nicolae_overflow_hidden_temple, nicolae_overflow_crystal_walls,
          minmay_temple_entry_offerings, lexackson_kobold_supper
D:6:      layout_cave_pools, nicolae_tso_besieged_by_evil,
          hangedman_decor_lopped, nicolae_dithmenos_through_a_glass_darkly
D:7:      minmay_the_grid_triangle_9x9_rhombus_thin
          [minmay_the_grid_triangle_9x9_stretched_checkered,
          minmay_the_grid_triangle_9x9_prize_center,
          minmay_the_grid_triangle_9x9_tough_junction,
          minmay_the_grid_triangle_9x9_steps], layout_rooms, doesnt_xom_only_xom
Temple:   jpeg_temple_alley_garden

Skill      XL: |  1  2  3  4  5  6  7  8  9 |
---------------+----------------------------+-----
Fighting       | 3 4 |  4.0
Long Blades    | 4 5 6 8 10 | 10.0
Dodging        | 4 6 8 |  8.0
Invocations    | 4 |  4.2
Throwing       | |  2.0

Action                   |  1- 3 |  4- 6 |  7- 9 || total
-------------------------+-------+-------+-------++-------
Melee: Long sword        |    55 |   140 |   155 ||   350
       Constrict         |    18 |    43 |    41 ||   102
       Tentacles         |     7 |    38 |    57 ||   102
Throw: Boomerang         |       |     3 |    60 ||    63
  Use: Potion            |       |     1 |       ||     1
       Scroll            |       |     3 |    10 ||    13
 Stab: Sleeping          |    11 |    11 |     5 ||    27
       Distracted        |       |       |     1 ||     1
  Eat: Chunk             |     1 |    11 |     9 ||    21
Armor: Skin              |     2 |    13 |     4 ||    19
Dodge: Dodged            |    24 |   101 |   119 ||   244
       Rpst.: Long sword |     7 |    38 |    40 ||    85

Table legend:
 A = Non-vault XP
 B = Vault XP
 C = Vault XP percentage of total XP
 D = Non-vault monster count
 E = Vault monster count
 F = Vault count percentage of total count
                 A         B        C        D         E       F
            +---------+---------+-------+---------+---------+-------
      Total |    2501 |    1606 |  39.1 |     153 |      39 |  20.3
            +---------+---------+-------+---------+---------+-------
        D:1 |      64 |       4 |   5.9 |      24 |       4 |  14.3
        D:2 |      98 |       0 |   0.0 |      25 |       0 |   0.0
        D:3 |     160 |      53 |  24.9 |      39 |       5 |  11.4
        D:4 |     231 |       0 |   0.0 |      23 |       0 |   0.0
        D:5 |     613 |     118 |  16.1 |      14 |       8 |  36.4
        D:6 |     459 |      55 |  10.7 |      10 |       8 |  44.4
        D:7 |     876 |    1376 |  61.1 |      18 |      14 |  43.8
            +---------+---------+-------+---------+---------+-------
